 Dungeon Crawl Stone Soup version 0.19-a0-607-g42021f0 (webtiles) character file.

200 Duffy the Slasher (level 5, 35/45 HPs)
             Began as a Centaur Fighter on June 12, 2016.
             Was an Initiate of Makhleb.
             Quit the game on level 4 of the Dungeon.
             The game lasted 00:04:34 (3499 turns).

Duffy the Slasher (Centaur Fighter)                 Turns: 3499, Time: 00:04:35

Health: 35/45      AC: 11    Str: 20    XL:     5   Next: 49%
Magic:  5/5        EV:  5    Int:  7    God:    Makhleb [......]
Gold:   243        SH: 11    Dex: 11    Spells: 0 memorised, 4 levels left

rFire  . . .     SeeInvis .     E - -3 long sword (curse)
rCold  . . .     Gourm    .     b - +0 scale mail
rNeg   . . .     Faith    .     s - +2 shield {AC+3}
rPois  .         Spirit   .     l - +1 helmet
rElec  .         Dismiss  .     (no cloak)
rCorr  .         Reflect  .     (no gloves)
SustAt .         Harm     .     (no barding)
MR     .....                    (no amulet)
Stlth  ..........               (no ring)
                                A - +3 ring of dexterity

@: very slightly contaminated, very quick, not resistant to hostile
enchantments, extremely unstealthy
A: hooves 3, deformed body, speed 2, tough skin 3
a: Renounce Religion


You were on level 4 of the Dungeon.
You worshipped Makhleb.
Makhleb was noncommittal.
You were hungry.

You visited 2 branches of the dungeon, and saw 5 of its levels.

You collected 243 gold pieces.


Innate Abilities, Weirdness & Mutations

You have hooves in place of feet.
Armour fits poorly on your strangely shaped body.
You cover ground very quickly.
You have extremely tough skin. (AC +3)


   Skills:
 - Level 3.0 Fighting
 + Level 4.0 Long Blades
 - Level 2.1 Armour
 + Level 3.5 Shields


You had 4 spell levels left.
You didn't know any spells.

Inventory:

Hand Weapons
 a - a +0 long sword
 E - a cursed -3 long sword (weapon)
Missiles
 n - 4 tomahawks (quivered)
 p - 2 curare-tipped needles
 x - 30 poisoned needles
Armour
 b - a +0 scale mail (worn)
 l - a +1 helmet (worn)
 s - a +2 shield of protection (worn)
Jewellery
 h - a cursed amulet of inaccuracy {unknown}
 A - a +3 ring of dexterity (left hand)
Wands
 y - a wand of confusion (27/48)
Potions
 d - 3 potions of might
 e - 2 potions of curing
 i - a potion of flight
 j - a potion of degeneration {unknown}
 k - 2 potions of magic
 q - a potion of ambrosia
 r - a potion of resistance
 u - a potion of agility
 w - a potion of haste
 D - a potion of cancellation {unknown}
Comestibles
 c - 3 fruits
 f - a bread ration
 g - 3 meat rations
 o - a beef jerky
 v - 2 slices of pizza

Dungeon Overview and Level Annotations

Branches:
Dungeon (4/15)             Temple (1/1) D:4

Altars:
Ashenzari
Cheibriados
Dithmenos
Elyvilon
Hepliaklqana
Kikubaaqudgha
Makhleb
Nemelex Xobeh
Okawaru
Pakellas
Qazlal
Ru
Sif Muna
Trog
Uskayaw
Vehumet
Xom
Beogh

Shops:
D:4 %


Message History

Makhleb accepts your kill.
The orc wizard hits you but does no damage.
Your shield and scale mail prevent you from hitting the orc wizard.
The orc wizard is lightly wounded.
The orc wizard hits you with a dagger.
You slash the orc wizard! Your kick misses the orc wizard.
The orc wizard is severely wounded.
The orc wizard hits you but does no damage. x2
You barely miss the orc wizard. You kick the orc wizard.
The orc wizard is almost dead.
You block the orc wizard's attack. x2
You hit the orc wizard. Your kick misses the orc wizard.
The orc wizard is almost dead.
The orc wizard hits you but does no damage.
You block the orc wizard's attack.
You hit the orc wizard.
You kill the orc wizard!
Makhleb accepts your kill.
Your Long Blades skill increases to level 4!
No target in view!
No target in view!
No target in view!
No target in view!
No target in view!
No target in view!
No target in view!
No target in view!
No target in view!
No target in view!
No target in view!
No target in view!
No target in view!
No target in view!
No target in view!
No target in view!
No target in view!
Things that are here:
a dagger; a robe
m - a scroll labeled SAGERA VOJITHI
Things that are here:
a whip; an orc corpse
Things that are here:
a war axe of flaming; a leather armour There isn't anything to butcher here.
Blink to where?
Press: ? - help, Dir - move target cursor You are very lightly contaminated with residual magic.
As you read the scroll labeled SAGERA VOJITHI, it crumbles to dust.
It was a scroll of blinking.
Are you sure you want to abandon this character and quit the game? (Confirm with "yes".)

#..####.####
#..........#
#.#####.##.#
#.# #.##.#
#.# ##.##.#
#.# #..##.#
#.# #.###.#
#)# #.# #.#
#@# #.# #.#
##)# #.# #.#
#..# #.#
#.## #.# #.#
#.# #.# #.#
#.# #.## #.#
#..# #.#
##.#


There were no monsters in sight!

Action                   |  1- 3 |  4- 6 || total
-------------------------+-------+-------++-------
Melee: Long sword        |   164 |   103 ||   267
       Kick              |    26 |    21 ||    47
  Use: Scroll            |     4 |    10 ||    14
  Eat: Chunk             |     2 |     4 ||     6
Armor: Scale mail        |    83 |    60 ||   143
Dodge: Dodged            |    34 |    22 ||    56
Block: Shield            |    80 |    63 ||   143

Notes
Turn   | Place    | Note
--------------------------------------------------------------
     0 | D:1      | Duffy the Centaur Fighter began the quest for the Orb.
     0 | D:1      | Reached XP level 1. HP: 19/19 MP: 1/1
   182 | D:1      | Reached skill level 2 in Long Blades
   393 | D:1      | Reached XP level 2. HP: 26/26 MP: 2/2
  1093 | D:2      | Reached XP level 3. HP: 28/31 MP: 3/3
  1344 | D:2      | Reached skill level 3 in Long Blades
  1545 | D:2      | Found a shimmering altar of Xom.
  1937 | D:3      | Reached XP level 4. HP: 33/38 MP: 4/4
  2451 | D:3      | Found a roughly hewn altar of Beogh.
  2553 | D:3      | Reached skill level 3 in Shields
  3004 | D:4      | Found a staircase to the Ecumenical Temple.
  3033 | D:4      | Reached XP level 5. HP: 39/45 MP: 5/5
  3044 | Temple   | Entered the Ecumenical Temple
  3238 | Temple   | Became a worshipper of Makhleb the Destroyer
  3265 | D:4      | Found Iboluc's Food Shop.
  3493 | D:4      | Reached skill level 4 in Long Blades
  3499 | D:4      | Quit the game

Skill      XL: |  1  2  3  4  5 |
---------------+----------------+-----
Long Blades    | 2 3 4 |  4.0
Shields        | 3 |  3.5
Fighting       | |  3.0
Armour         | |  2.1

Vault maps used:
D:1:      dpeg_arrival_water_altar, glass_columns_b
D:2:      xom_butterflies
D:3:      serial_corexii_hall, corexii_hall_statues_s, corexii_hall_statues_s,
          corexii_hall_statues_l, corexii_hall_statues_t,
          hangedman_decor_diamond_cutter, kennysheep_decorative_pillar,
          kennysheep_orc_chapel
D:4:      nicolae_gozag_cash_rules_everything_around_me,
          minmay_temple_entry_statues_pillars, serial_shops, nicolae_shop_trees,
          first_bread, uniq_duvessa
Temple:   nicolae_temple_elliptical

Vanquished Creatures
  An orc priest
  An orc wizard
  A worker ant
  2 adders
  An ooze
  4 worms
  3 dart slugs
  3 giant geckos
  8 orcs
  A ball python
  6 giant cockroaches
  A goblin
  9 hobgoblins
  6 jackals
  6 kobolds
  A quokka
  3 bats
  4 giant newts
  7 rats
68 creatures vanquished.
